Map: Romanticide LE

Players

llllllllllll

  • Race: Terran Terran
  • League: Diamond

Fedmahn - Winner!

  • Race: Protoss Protoss
  • League: Diamond

VOD

Have the link to the VOD?

Description

Time

  • Played on: July 10, 2021, 4 p.m.
  • Length: 21:53
Show
View Real Time Build Order
Export as new Build Order

llllllllllll Terran 

Build Orders:  

Get SALT Encoding   

  12  0:00  SCV  
  13  0:12  SCV  
  14  0:17  Supply Depot  
  14  0:24  SCV  
  15  0:39  Barracks, SCV  
  16  0:45  Refinery  
  16  0:51  SCV  
  17  1:03  SCV  
  18  1:15  SCV  
  19  1:27  Marine  
  19  1:28  Orbital Command  
  20  1:47  Command Center  
  20  1:55  Factory  
  20  1:58  SCV  
  21  2:06  Supply Depot  
  21  2:16  SCV  
  21  2:17  Barracks Reactor  
  22  2:26  Bunker  
  22  2:30  SCV  
  23  2:45  Starport  
  23  2:46  SCV  
  24  2:57  Hellion x2  
  28  2:59  Barracks Tech Lab  
  28  3:00  SCV  
  28  3:01  Orbital Command  
  29  3:15  SCV  
  29  3:17  Refinery  
  29  3:18  Orbital Command  
  29  3:19  Hellion x2, Marine  
  35  3:29  Medivac  
  35  3:30  SCV  
  38  3:37  Marine  
  39  3:47  SCV x2  
  41  3:56  Stimpack  
  41  3:57  Barracks  
  41  3:58  Marine, Barracks  
  41  4:01  Factory Tech Lab  
  41  4:02  SCV x2  
  44  4:14  SCV x2  
  46  4:18  Supply Depot x2  
  46  4:39  Marine  
  46  4:40  Siege Tank, SCV x2  
  52  4:46  Barracks Tech Lab  
  52  4:47  Marine x2  
  52  4:52  SCV x2  
  56  4:53  Engineering Bay  
  56  5:00  Marine  
  56  5:01  Supply Depot x2  
  56  5:04  SCV x2  
  56  5:05  Marine  
  56  5:07  Marauder  
  62  5:12  Starport Reactor  
  62  5:16  Supply Depot  
  62  5:22  Marine  
  62  5:23  Siege Tank, Marauder, SCV  
  62  5:27  Supply Depot  
  69  5:28  Supply Depot  
  69  5:34  Marine, Marauder  
  72  5:36  SCV x2  
  72  5:37  Terran Infantry Weapons Level 1  
  72  5:40  Marine  
  72  5:41  Missile Turret x2  
  75  5:48  SCV  
  76  5:52  Marine x2  
  76  5:53  Medivac  
  76  5:55  SCV  
  76  5:56  Marauder  
  83  6:00  Marine, SCV  
  85  6:10  Marine x2, SCV  
  88  6:12  SCV  
  88  6:14  Refinery  
  88  6:15  Siege Tank  
  92  6:22  Marine  
  92  6:23  Marine  
  94  6:26  SCV x2  
  94  6:27  Marine  
  94  6:28  Marine  
  98  6:35  Command Center  
  98  6:40  SCV x2  
  98  6:41  Marauder  
  98  6:42  Refinery  
  98  6:45  Supply Depot x3  
  98  6:46  Supply Depot  
  102  6:49  Missile Turret  
  102  7:04  Combat Shield  
  102  7:06  Marine x4, SCV  
  107  7:12  Siege Tank  
  110  7:16  Barracks  
  110  7:18  Engineering Bay, Barracks  
  110  7:19  Armory  
  110  7:24  Marauder  
  110  7:26  Concussive Shells  
  112  7:30  Marine x2  
  112  7:34  Terran Infantry Armor Level 1  
  112  7:35  Ghost Academy  
  114  7:55  Viking x2, Marine  
  114  7:56  Marine x2  
  114  7:57  Marauder  
  123  8:04  Orbital Command  
  123  8:05  Barracks Tech Lab  
  123  8:07  Barracks Tech Lab  
  123  8:08  Starport  
  123  8:12  SCV x2  
  124  8:32  Marine x5  
  124  8:33  Marauder  
  84  8:50  Marine x3  
  84  8:51  Marine x2  
  84  8:54  Marauder  
  73  9:01  Orbital Command  
  67  9:09  Marauder x2, SCV x2  
  73  9:14  Starport Reactor  
  73  9:15  Marine x2, Barracks  
  73  9:16  Marine x2  
  77  9:17  Medivac x2  
  77  9:21  SCV x2  
  83  9:29  SCV  
  83  9:30  Marine x2  
  86  9:33  SCV x2  
  86  9:34  Marauder  
  90  9:41  SCV  
  90  9:42  Marine  
  90  9:43  Marine x2  
  94  9:46  SCV x2  
  94  9:47  Marine  
  94  9:48  Marine  
  94  9:49  Terran Infantry Weapons Level 2  
  98  9:55  Marauder  
  100  10:00  Viking, Marine x2  
  100  10:01  Viking, Marauder, SCV  
  100  10:02  SCV x2  
  100  10:05  Marine x2  
  113  10:14  Missile Turret  
  113  10:16  Marine, Missile Turret  
  113  10:18  Marine x2  
  113  10:19  SCV x2  
  113  10:20  SCV  
  119  10:22  Marine  
  119  10:23  Marine x2  
  122  10:31  SCV  
  122  10:32  SCV  
  122  10:33  Refinery x2  
  122  10:35  Viking x2, Marauder  
  128  10:36  Marine x2  
  128  10:40  Marine  
  128  10:41  Marine x2  
  135  10:44  Barracks Tech Lab  
  135  10:45  Terran Infantry Armor Level 2  
  135  10:47  Viking x2  
  139  11:03  Command Center  
  139  11:04  Marine x6  
  139  11:09  Viking  
  147  11:15  Medivac  
  149  11:25  Supply Depot x3  
  149  11:37  Terran Ship Weapons Level 1, Enhanced Shockwaves  
  149  11:46  Marine x4, Medivac  
  155  11:54  Ghost x3  
  161  12:02  Fusion Core  
  161  12:03  Ghost  
  163  12:09  Marine  
  163  12:10  Marine x2  
  166  12:23  Marine x3  
  166  12:26  Sensor Tower  
  166  12:28  Marauder  
  171  12:33  Marauder  
  173  12:40  Ghost x2  
  139  12:52  Marine x4  
  139  12:54  Marine  
  125  13:09  Marine x2  
  125  13:10  Marine x4  
  125  13:11  Marine  
  132  13:23  Medivac  
  132  13:24  Medivac x2  
  138  13:27  Marine, Marauder  
  138  13:28  Marine x4  
  138  13:29  Marine  
  146  13:39  Liberator  
  146  13:40  Command Center  
  149  13:45  Marine, Marauder  
  149  13:46  Marine x3  
  149  13:47  Marine  
  156  13:48  Marine  
  156  13:53  Liberator  
  160  13:56  Personal Cloaking  
  160  13:58  Terran Infantry Weapons Level 3  
  160  14:03  Marine x4  
  160  14:05  Marine  
  160  14:06  Marine x2  
  167  14:13  Advanced Ballistics  
  167  14:21  Marine x3  
  167  14:22  Marauder  
  167  14:23  Marine  
  173  14:52  Marine x7  
  180  14:53  Command Center  
  159  15:09  Marine x2  
  159  15:10  Marauder  
  139  15:14  Marine  
  139  15:15  Marine x3  
  131  15:27  Marine x2  
  124  15:31  Marine  
  124  15:32  Marine x4  
  129  15:46  Marauder x2, Barracks x4, Orbital Command  
  129  15:49  Marine  
  133  15:50  Marine x4  
  134  16:06  Marine x3  
  134  16:08  Marine x3  
  140  16:11  Terran Infantry Armor Level 3  
  140  16:24  Ghost x2  
  140  16:25  Marauder  
  144  16:26  Orbital Command  
  144  16:34  Marine x3  
  144  16:35  Barracks Tech Lab x3  
  147  16:42  Liberator x2  
  153  17:00  Marine x4  
  153  17:01  Marine x3, Marauder  
  153  17:16  Marine x3  
  153  17:18  Marine  
  141  17:25  Marine x7  
  124  17:52  Marine x7  
  124  17:53  Marine x2  
  109  17:59  Orbital Command  
  109  18:08  Ghost  
  111  18:19  Marauder  
  115  18:20  Marauder  
  115  18:28  SCV x2  
  117  18:39  Marine x4  
  121  18:50  Ghost x2  
  125  19:05  Marine x3  
  125  19:06  Marine x4  
  125  19:07  Marauder x2  
  136  19:14  Viking x2  
  140  19:19  SCV x2  
  143  19:31  SCV  
  143  19:38  Marine x3  
  143  19:39  Marine x2, Marauder  
  143  19:40  Marauder x3  
  156  19:47  Viking x3  
  159  19:59  Viking  
  161  20:04  Marauder  
  163  20:08  Missile Turret  
  163  20:17  Viking  
  163  20:19  Viking  
  163  20:20  Viking  
  169  20:22  Ghost  
  169  20:23  Barracks Tech Lab  
  168  20:43  Marine x5  
  173  20:54  Supply Depot x2  
  173  21:16  Marauder x3  
Show
View Real Time Build Order
Export as new Build Order

Fedmahn Protoss - Winner!

Build Orders: 1 Gate Expand, Colossus Rush 

Get SALT Encoding   

  12  0:00  Probe  
  13  0:12  Probe  
  14  0:19  Pylon  
  14  0:24  Probe  
  15  0:38  Gateway, Probe  
  16  0:50  Probe  
  17  1:10  Nexus  
  17  1:14  Assimilator  
  17  1:17  Probe (Chrono Boost)  
  18  1:27  Cybernetics Core  
  18  1:30  Probe (Chrono Boost)  
  19  1:39  Assimilator  
  20  1:40  Probe (Chrono Boost)  
  20  1:49  Probe (Chrono Boost)  
  20  1:50  Pylon  
  21  1:54  Probe (Chrono Boost)  
  22  2:06  Probe, Stalker (Chrono Boost)  
  23  2:12  Warp Gate  
  25  2:20  Probe (Chrono Boost)  
  26  2:25  Probe (Chrono Boost)  
  26  2:29  Sentry  
  29  2:34  Probe (Chrono Boost)  
  29  2:35  Probe (Chrono Boost)  
  31  2:40  Probe  
  31  2:42  Gateway, Probe  
  33  2:52  Probe  
  33  2:56  Robotics Facility  
  34  3:01  Stalker  
  34  3:02  Probe  
  34  3:05  Probe  
  38  3:14  Shield Battery  
  38  3:16  Probe (Chrono Boost)  
  38  3:17  Probe (Chrono Boost)  
  41  3:29  Probe (Chrono Boost)  
  41  3:30  Stalker  
  41  3:32  Probe (Chrono Boost)  
  41  3:33  Stalker  
  46  3:42  Pylon  
  46  3:46  Robotics Bay  
  46  3:48  Forge  
  46  3:55  Assimilator  
  46  3:57  Pylon  
  46  3:59  Assimilator  
  46  4:00  Probe  
  48  4:10  Observer  
  48  4:12  Pylon, Probe (Chrono Boost), Stalker  
  48  4:13  Probe (Chrono Boost)  
  48  4:16  Stalker  
  54  4:22  Probe (Chrono Boost)  
  56  4:24  Probe (Chrono Boost)  
  56  4:29  Gateway  
  56  4:31  Pylon  
  56  4:40  Stalker x2  
  56  4:42  Photon Cannon  
  60  4:47  Photon Cannon  
  60  4:48  Protoss Ground Weapons Level 1 (Chrono Boost)  
  60  5:05  Nexus  
  60  5:07  Pylon  
  60  5:09  Stalker  
  60  5:12  Probe x2  
  64  5:24  Colossus (Chrono Boost), Probe x2  
  72  5:36  Shield Battery, Probe (Chrono Boost)  
  72  5:42  Probe (Chrono Boost)  
  74  5:46  Probe (Chrono Boost)  
  76  5:50  Probe (Chrono Boost)  
  76  5:56  Stalker x2  
  80  5:58  Extended Thermal Lance (Chrono Boost)  
  80  6:01  Pylon  
  80  6:07  Probe  
  80  6:09  Probe  
  80  6:10  Stalker  
  84  6:13  Pylon  
  84  6:15  Colossus (Chrono Boost)  
  90  6:20  Photon Cannon  
  90  6:23  Probe  
  91  6:30  Twilight Council  
  91  6:31  Observer  
  91  6:33  Photon Cannon  
  91  6:38  Probe x3  
  94  6:41  Shield Battery  
  94  6:45  Pylon, Protoss Ground Armor Level 1 (Chrono Boost)  
  94  6:50  Probe (Chrono Boost)  
  94  6:51  Probe x2 (Chrono Boost)  
  97  7:01  Stalker x2  
  99  7:03  Probe (Chrono Boost)  
  99  7:07  Pylon  
  104  7:08  Probe x2 (Chrono Boost)  
  104  7:10  Probe (Chrono Boost)  
  104  7:14  Probe  
  104  7:15  Gateway  
  106  7:17  Gateway  
  106  7:20  Stalker  
  108  7:26  Colossus (Chrono Boost), Gateway  
  108  7:29  Gateway  
  108  7:34  Pylon  
  108  7:35  Blink (Chrono Boost), Probe  
  108  7:36  Probe  
  116  7:38  Assimilator  
  116  7:43  Assimilator  
  116  7:46  Stalker  
  118  7:53  Stalker  
  120  8:05  Stalker  
  120  8:12  Stalker x3  
  96  9:04  Protoss Ground Weapons Level 2 (Chrono Boost)  
  96  9:06  Colossus (Chrono Boost)  
  90  9:19  Gateway, Robotics Facility  
  90  9:21  Gateway x2  
  90  9:27  Stargate  
  90  9:28  Pylon  
  90  9:29  Templar Archives  
  90  9:30  Pylon  
  90  9:31  Nexus, Gateway, Charge (Chrono Boost)  
  90  9:34  Assimilator  
  90  9:36  Assimilator  
  90  9:37  Stalker x3  
  90  9:38  Stalker x3  
  102  9:40  Pylon  
  102  9:41  Probe  
  102  9:42  Probe x2  
  105  9:52  Colossus (Chrono Boost), Gateway  
  105  9:53  Probe  
  105  9:58  Stalker  
  114  10:01  Probe  
  114  10:04  Dark Shrine  
  115  10:07  Gateway  
  115  10:09  Gateway  
  115  10:10  Gateway  
  115  10:11  Photon Cannon  
  115  10:12  Photon Cannon  
  115  10:15  High Templar x2  
  115  10:17  Zealot  
  115  10:18  Sentry  
  115  10:20  Archon  
  127  10:30  Probe x3  
  127  10:32  Immortal (Chrono Boost)  
  130  10:37  Colossus (Chrono Boost)  
  130  10:38  Pylon  
  130  10:42  Probe x2, Zealot  
  139  10:43  Zealot  
  139  10:44  Sentry x2  
  146  10:53  Photon Cannon  
  146  10:54  Psionic Storm  
  146  10:58  Shield Battery  
  146  11:00  Shield Battery  
  146  11:03  Photon Cannon  
  145  11:06  High Templar  
  145  11:07  High Templar x2  
  151  11:18  Zealot  
  151  11:19  Zealot x4  
  151  11:25  Zealot x2  
  165  11:34  Immortal  
  165  11:36  Immortal  
  173  11:47  Dark Templar x2  
  173  11:48  Dark Templar  
  179  12:10  Photon Cannon  
  179  12:11  Nexus, Assimilator  
  179  12:14  Pylon  
  179  12:15  Assimilator  
  179  12:17  Nexus  
  179  12:21  Unknown  
  179  12:23  Pylon, Probe  
  180  12:32  Probe x3  
  180  12:35  Probe  
  184  12:37  Pylon  
  136  13:04  Colossus (Chrono Boost)  
  136  13:05  Colossus (Chrono Boost)  
  124  13:11  Stalker x2  
  124  13:12  Stalker  
  136  13:13  Probe x2  
  136  13:14  Probe  
  136  13:15  Probe  
  140  13:23  Protoss Ground Weapons Level 3 (Chrono Boost)  
  140  13:24  Forge  
  140  13:30  Probe  
  140  13:32  Forge  
  141  13:37  Photon Cannon  
  141  13:38  Photon Cannon  
  141  13:39  High Templar x2  
  145  13:47  Pylon  
  145  13:48  Colossus x2 (Chrono Boost)  
  145  13:50  Fleet Beacon  
  145  13:53  Probe x2  
  145  13:54  Probe x3  
  145  13:55  Probe  
  163  14:01  Protoss Ground Armor Level 2 (Chrono Boost)  
  163  14:03  Stalker x3  
  169  14:13  Shield Battery  
  169  14:17  Protoss Shields Level 1 (Chrono Boost)  
  169  14:18  Pylon x2  
  169  14:20  High Templar x4  
  169  14:21  High Templar  
  169  14:22  High Templar  
  181  14:25  Archon x2  
  181  14:26  Archon  
  181  14:31  Zealot x4  
  183  14:32  Zealot  
  183  14:34  Colossus  
  197  14:42  Photon Cannon  
  119  15:16  Zealot  
  119  15:17  Dark Templar, Zealot x3  
  119  15:18  Dark Templar x5, Zealot x2  
  119  15:19  Stargate, Zealot x2  
  119  15:21  Stargate  
  121  15:29  Stalker  
  121  15:33  Nexus  
  123  15:37  Stalker x4  
  101  15:59  Stalker x5  
  101  16:00  Stalker x2  
  115  16:04  Pylon  
  115  16:07  Immortal x2  
  115  16:08  Pylon  
  123  16:13  Assimilator  
  123  16:16  Assimilator  
  111  16:29  Pylon, Protoss Air Weapons Level 1 (Chrono Boost)  
  111  16:30  Assimilator  
  111  16:32  Assimilator  
  86  16:33  Stalker x2  
  86  16:34  Stalker x2, High Templar  
  86  16:35  High Templar x7  
  110  16:42  Archon x4  
  110  16:44  Zealot x3  
  110  16:46  Immortal  
  94  17:21  Zealot x5  
  94  17:22  Zealot x2  
  101  17:28  Colossus x2  
  114  17:30  High Templar  
  114  17:34  Zealot  
  111  17:47  Zealot  
  111  17:49  Dark Templar  
  104  17:57  Stalker x2  
  104  17:58  Stalker  
  90  18:06  Protoss Ground Armor Level 3 (Chrono Boost)  
  90  18:19  Colossus x2 (Chrono Boost)  
  90  18:23  Nexus  
  102  18:33  Protoss Air Armor Level 1  
  102  18:35  High Templar x2  
  102  18:36  Zealot x4  
  114  18:48  Stalker x3  
  122  18:57  Probe x2 (Chrono Boost)  
  122  18:58  Probe (Chrono Boost)  
  123  19:04  Stalker  
  123  19:05  Zealot  
  123  19:08  Probe (Chrono Boost)  
  130  19:10  Shield Battery, Probe x2 (Chrono Boost)  
  130  19:14  Photon Cannon  
  130  19:19  Probe x3  
  133  19:28  Dark Templar x2  
  137  19:32  Photon Cannon  
  137  19:39  Pylon  
  137  19:40  Probe x3  
  140  19:56  Probe x2  
  140  19:57  Probe x2  
  142  20:01  High Templar  
  142  20:02  High Templar  
  146  20:08  Probe (Chrono Boost)  
  146  20:10  Immortal  
  146  20:12  Probe x3 (Chrono Boost)  
  154  20:18  High Templar  
  154  20:20  Probe (Chrono Boost)  
  160  20:24  Probe x2 (Chrono Boost), Zealot  
  160  20:25  Probe x2 (Chrono Boost), Zealot x2  
  167  20:33  Probe  
  164  20:39  Probe x3  
  167  20:45  Probe  
  168  20:51  Nexus, Immortal (Chrono Boost)  
  168  20:55  Immortal (Chrono Boost)  
  176  21:12  Nexus  
  176  21:15  Unknown  
  142  21:36  Zealot x5  
  124  21:40  Dark Templar x3  
  124  21:41  Dark Templar x3  
  128  21:52  Stalker  
Tags
 
Add a new tag
Caveats
  • Supply blocks, unpowered buildings, or Contaminate may cause inaccurate times.
  • Supply counts are checked every 10 seconds.